 Dungeon Crawl Stone Soup version 0.19-a0-1899-g2d93087 (webtiles) character file.

39477 HEYYEYAAE the Basher (level 13, -2/192 HPs)
             Began as a Troll Berserker on Oct 18, 2016.
             Was a Believer of Trog.
             Slain by a six-headed hydra (6 damage)
             ... on level 6 of the Lair of Beasts on Oct 19, 2016.
             The game lasted 00:36:39 (14804 turns).

HEYYEYAAE the Basher (Troll Berserker)             Turns: 14804, Time: 00:36:40

Health: -2/192     AC: 13    Str: 41    XL:     13   Next: 69%
Magic:  16/16      EV:  1    Int:  3    God:    Trog [**....]
Gold:   1562       SH:  0    Dex:  9    Spells: 0 memorised, 16 levels left

rFire  . . .     SeeInvis .     A - +2 great mace (flame)
rCold  . . .     Gourm    +     G - +2 robe of Magic {rElec}
rNeg   + + +     Faith    .     (shield currently unavailable)
rPois  ∞         Spirit   .     O - +1 hat
rElec  +         Reflect  .     K - +0 cloak
rCorr  .         Harm     +     (gloves unavailable)
MR     .....                    (boots unavailable)
Stlth  ..........               y - amulet of harm
                                q - +4 ring of strength
                                f - +3 ring of protection

@: berserking (expiring), petrified
A: unfitting armour, claws 3, fast metabolism 3, gourmand, regeneration 1,
shaggy fur 1, tough skin 2
a: Berserk, Trog's Hand, Burn Spellbooks, Renounce Religion


You were on level 6 of the Lair of Beasts.
You worshipped Trog.
Trog was pleased with you.
You were very full.

You visited 2 branches of the dungeon, and saw 18 of its levels.
You also visited: Labyrinth, Ossuary and Volcano.

You collected 1828 gold pieces.
You spent 266 gold pieces at shops.

Inventory:

Hand Weapons
 r - a +2 giant spiked club
 A - a +2 great mace of flaming (weapon)
 D - a +1 flail of protection
Missiles
 k - 7 silver javelins
 s - 6 large rocks (quivered)
 S - 7 steel javelins
Armour
 n - a cursed +0 shield
 G - the +2 robe of Magic (worn) {rElec}
   (You found it on level 4 of the Dungeon)

   It insulates you from electricity.
 K - a +0 cloak (worn)
 O - a +1 hat (worn)
Rods
 Y - a +3 rod of shadows (12/12)
   (You found it on level 4 of the Lair of Beasts)
 Z - a +2 rod of ignition (10/10)
   (You found it in a labyrinth)
Jewellery
 a - an uncursed ring of positive energy
 f - a +3 ring of protection (left claw)
 j - an uncursed ring of protection from cold
 q - a +4 ring of strength (right claw)
 y - an amulet of harm (around neck)
Wands
 b - a wand of iceblast (3/15)
 d - a wand of flame (21/48)
 e - a wand of confusion (22/48)
 l - a wand of confusion (24/48)
 t - a wand of slowing (22/48)
 u - a wand of heal wounds (0/9)
 z - a wand of disintegration (1/24)
 C - a wand of enslavement (12/24)
 I - a wand of paralysis (1/24)
 N - a wand of iceblast (1/15)
 Q - a wand of disintegration (17/24)
 U - a wand of teleportation (5/9)
 V - a wand of iceblast (0/15)
 X - a wand of lightning (9/15)
Scrolls
 g - a scroll of fog
 h - 2 scrolls of noise {unknown}
 m - a scroll of magic mapping
 B - 4 scrolls of enchant armour
 M - a scroll of identify
 T - 4 scrolls of remove curse
Potions
 i - a potion of might
 v - 3 potions of flight
 w - 2 potions of lignification
 J - 2 potions of curing
 L - a potion of mutation {unknown}
 W - a potion of ambrosia
Books
 H - a book of Beasts

   Spells                             Type                      Level
   a - Summon Butterflies             Summoning                    1
   b - Call Canine Familiar           Summoning                    3
   c - Summon Ice Beast               Ice/Summoning                4
   d - Summon Mana Viper              Hexes/Summoning              5
   e - Summon Hydra                   Summoning                    7
   Trog disapproves of the use of such an item.
Miscellaneous
 p - a phial of floods
Comestibles
 c - 11 bread rations
 o - 6 meat rations
 x - 6 chunks of flesh
 E - 10 royal jellies
 F - a beef jerky
 R - 37 fruits


   Skills:
 + Level 8.4 Fighting
 * Level 12.1 Maces & Flails
 + Level 6.8 Throwing
 + Level 8.1 Armour
 + Level 8.7 Dodging
 - Level 2.3 Spellcasting
 + Level 5.8 Evocations


You had 16 spell levels left.
You didn't know any spells.

Dungeon Overview and Level Annotations

Branches:
Dungeon (12/15)            Temple (0/1) D:6            Lair (6/6) D:11
  Snake (0/4) Lair:2        Slime (0/5) Lair:5
  Swamp: Lair:2-4    Shoals: Lair:2-4       Orc: D:9-12

Altars:
Cheibriados
Dithmenos
Elyvilon
Gozag
Kikubaaqudgha
Nemelex Xobeh
Qazlal
Ru
Sif Muna
Uskayaw
Vehumet
Yredelemnul
Zin

Shops:
D:7 (   D:9 :   D:10 [

Annotations:
D:11 3 runed doors


Innate Abilities, Weirdness & Mutations

You are too large for most types of armour.
You have claws for hands.
Your metabolism is lightning-fast.
You like to eat raw meat.
Your natural rate of healing is unusually fast.
You are covered in fur. (AC +1)
You have very tough skin. (AC +2)


Message History

The six-headed hydra bites you!
* * * LOW HITPOINT WARNING * * *
The six-headed hydra bites you!
* * * LOW HITPOINT WARNING * * *
The six-headed hydra bites you but does no damage.
The six-headed hydra bites you.
* * * LOW HITPOINT WARNING * * *
The six-headed hydra bites you.
* * * LOW HITPOINT WARNING * * *
The basilisk bites you!
* * * LOW HITPOINT WARNING * * *
The six-headed hydra bites you but does no damage.
The six-headed hydra bites you!
* * * LOW HITPOINT WARNING * * *
The six-headed hydra bites you!
* * * LOW HITPOINT WARNING * * *
The six-headed hydra bites you.
* * * LOW HITPOINT WARNING * * *
The six-headed hydra bites you!
You die...

* **≈≈≈≈≈,,≈≈≈*** ***,,,,,,,,,,,*
*******≈≈≈≈≈≈≈≈** *,#..,,,,,,,,,,
,,** ********≈≈**##..#**,,,*,,*,
,,.######## *≈≈*#....#.,*,,***,,
,..P#..)..#######......#**,,,,,,,
,................P....## *,,,,*,,
........#..............#**,,,,,,,
...P.............D.....#*,,,,,,,,
...#....#..###..@l......,,,,,,,,*
...##......#..#......P..,,,,,,,,,
#..###.....#.#....####P.**,,,,,,,
....#.P..........## **,***,,,,,,
.#.....P.#.......#****,*,**,,,,,,
#..P....P##.P.....,**,,****,*,,,,
......#..###.PP....*,,,* **,,,,,,
......#....####..##,*,****,,**,**
.....###..##* *##*,,****,*,******


You could see a six-headed hydra and a basilisk.

Vanquished Creatures
  A minotaur (Lab)
  4 hydras
  Erolcha (D:11)
  A catoblepas (Lair:5)
  2 skeletal warriors (Volcano)
  2 anaconda skeletons (Volcano)
  3 hill giants
  Pikel (D:8)
  An orange crystal statue (D:11)
  4 lindwurms (Lair:4)
  2 ugly things (D:11)
  A cyclops (D:11)
  Maurice (D:11)
  3 black mambas
  10 elephants
  4 gargoyles (Volcano)
  6 spiny frogs
  3 rime drakes
  5 komodo dragons
  2 trolls
  4 polar bears (Lair:2)
  2 harpy skeletons (Volcano)
  Prince Ribbit (D:7)
  2 hornets (D:10)
  A two-headed ogre (D:10)
  4 blink frogs (Lair:3)
  6 hippogriffs
  Sigmund (D:3)
  3 flying skulls (Volcano)
  An alligator skeleton (Volcano)
  The ghost of Philosophy the Shooter, an amateur CeHu (D:4)
  A basilisk (Lair:2)
  21 yaks
  Grum (D:8)
  3 hungry ghosts
  A soldier ant (D:10)
  Duvessa (D:7)
  4 water moccasins (Lair:2)
  6 porcupines
  2 sky beasts (D:10)
  An ice beast (D:10)
  2 orc warriors (D:11)
  An eye of draining (D:8)
  4 phantoms
  7 black bears
  7 ogres
  16 wolves
  4 centaurs
  7 crocodiles
  2 big kobolds
  2 elf zombies (Ossuary)
  7 bullfrogs
  A gnoll sergeant (D:9)
  5 scorpions
  Dowan (D:7)
  12 killer bees
  2 spriggan skeletons (Volcano)
  2 electric eels
  2 troll skeletons (Volcano)
  8 wights
  2 howler monkeys
  2 vampire bats (D:8)
  2 bullfrog zombies
  8 crimson imps
  A centaur zombie (Ossuary)
  A quasit (D:8)
  Crazy Yiuf (D:4)
  2 hounds (D:11)
  6 jellies
  6 orc priests
  A bullfrog skeleton (D:11)
  3 iguanas
  3 orc wizards
  10 worker ants
  A killer bee zombie (D:9)
  2 big kobold zombies (Ossuary)
  2 naga skeletons (Volcano)
  2 hound skeletons (D:6)
  2 mummies (Ossuary)
  A worker ant zombie (D:8)
  9 gnolls
  3 river rats (D:11)
  13 adders
  3 shadow imps
  2 oozes
  An adder skeleton (D:4)
  An adder zombie (D:6)
  5 worms
  A dart slug (D:1)
  4 leopard geckos
  21 orcs
  15 bats
  3 bat skeletons (D:8)
  2 bat zombies (D:8)
  4 giant cockroaches
  4 goblins
  6 hobgoblins
  7 jackals
  2 quokkas
  A ball python (D:8)
  4 frilled lizards
  4 gnoll zombies (Ossuary)
  A goblin zombie (Ossuary)
  2 hobgoblin zombies (Ossuary)
  12 kobolds
  2 orc zombies (Ossuary)
  A quokka skeleton (D:4)
  14 rats
  A spectral orc (D:7)
422 creatures vanquished.

Vanquished Creatures (collateral kills)
  A hippogriff (Lair:4)
  A yak (Lair:2)
  A bullfrog (Lair:4)
3 creatures vanquished.

Vanquished Creatures (others)
  3 slaves (D:8)
  A basilisk (Lair:6)
  Blork the orc (D:8)
  A bullfrog (D:8)
  A wight (D:8)
  13 fungi
  5 plants
  8 toadstools (Lair:4)
33 creatures vanquished.

Grand Total: 458 creatures vanquished

Notes
Turn   | Place    | Note
-------+----------+-------------------------------------------
     0 | D:1      | HEYYEYAAE the Troll Berserker began the quest for the Orb.
     0 | D:1      | Reached XP level 1. HP: 22/22 MP: 0/0
   150 | D:1      | Reached XP level 2. HP: 28/29 MP: 1/1
   358 | D:1      | Reached skill level 3 in Maces & Flails
   603 | D:2      | Reached XP level 3. HP: 25/36 MP: 2/2
   741 | D:2      | Reached skill level 1 in Armour
   801 | D:2      | Found a glowing silver altar of Zin.
   903 | D:2      | Reached ** piety under Trog
  1239 | D:3      | Noticed Sigmund
  1251 | D:3      | Killed Sigmund
  1251 | D:3      | Reached skill level 4 in Maces & Flails
  1251 | D:3      | Reached XP level 4. HP: 41/45 MP: 3/3
  1251 | D:3      | Reached XP level 5. HP: 48/53 MP: 4/4
  1372 | D:3      | Reached XP level 6. HP: 61/61 MP: 5/5
  2104 | D:3      | Found a sacrificial altar of Ru.
  2319 | D:4      | Noticed Philosophy's ghost (amateur CeHu)
  2319 | D:4      | Reached XP level 7. HP: 41/67 MP: 6/6
  2329 | D:4      | Killed Philosophy's ghost
  2329 | D:4      | Reached skill level 5 in Maces & Flails
  2390 | D:4      | Found a runed door.
  2681 | D:4      | Got a colourful robe
  2694 | D:4      | Identified the +2 robe of Magic {rElec} (You found it on level 4 of the Dungeon)
  2988 | D:4      | Noticed Crazy Yiuf
  2994 | D:4      | Killed Crazy Yiuf
  3054 | D:5      | Entered Level 5 of the Dungeon
  3267 | D:5      | Found a sand-covered staircase.
  3272 | Ossuary  | Entered an ossuary
  3306 | Ossuary  | Reached XP level 8. HP: 41/78 MP: 7/7
  3462 | D:5      | Reached skill level 6 in Maces & Flails
  3506 | D:5      | Found a hide-covered altar of Uskayaw.
  3667 | D:5      | Found a shadowy altar of Dithmenos.
  3880 | D:5      | Found a white marble altar of Elyvilon.
  3942 | D:6      | Found a staircase to the Ecumenical Temple.
  4046 | D:6      | Reached *** piety under Trog
  4046 | D:6      | Reached skill level 5 in Dodging
  4119 | D:6      | Reached skill level 5 in Fighting
  4221 | D:6      | Found a radiant altar of Vehumet.
  4221 | D:6      | Found a stormy altar of Qazlal.
  4293 | D:6      | Found an opulent altar of Gozag.
  4416 | D:7      | Found a snail-covered altar of Cheibriados.
  4422 | D:7      | Reached skill level 7 in Maces & Flails
  4463 | D:7      | Found a sparkling altar of Nemelex Xobeh.
  4509 | D:7      | Reached XP level 9. HP: 83/88 MP: 8/8
  4763 | D:7      | Noticed Dowan
  4765 | D:7      | Noticed Duvessa
  4771 | D:7      | Killed Dowan
  4774 | D:7      | Killed Duvessa
  4954 | D:7      | Noticed Prince Ribbit
  4959 | D:7      | Killed Prince Ribbit
  4965 | D:7      | Reached skill level 8 in Maces & Flails
  4980 | D:7      | Found Zarot's Antique Weapon Emporium.
  4985 | D:7      | Bought a runed flail for 266 gold pieces
  5039 | D:7      | Found a basalt altar of Yredelemnul.
  5176 | D:8      | Reached skill level 5 in Armour
  5221 | D:8      | Noticed Pikel
  5231 | D:8      | Killed Pikel
  5231 | D:8      | Reached skill level 1 in Throwing
  5231 | D:8      | Reached skill level 1 in Evocations
  5255 | D:8      | Reached XP level 10. HP: 57/98 MP: 9/9
  5286 | D:8      | Noticed Grum
  5642 | D:8      | Found an ancient bone altar of Kikubaaqudgha.
  5670 | D:8      | Reached **** piety under Trog
  5790 | D:8      | Killed Grum
  5880 | D:8      | Found a deep blue altar of Sif Muna.
  6010 | D:8      | Killed Blork the orc
  6703 | D:9      | Found Qaijari's Book Emporium.
  6738 | D:10     | Entered Level 10 of the Dungeon
  6738 | D:10     | Found Widd's Antique Armour Shoppe.
  6776 | D:10     | Reached skill level 9 in Maces & Flails
  6905 | D:10     | Noticed a hill giant
  6913 | D:10     | Killed a hill giant
  6922 | D:10     | Paralysed by a hornet for 3 turns
  7008 | D:10     | Noticed a hill giant
  7022 | D:10     | Killed a hill giant
  7022 | D:10     | Reached XP level 11. HP: 101/107 MP: 10/12
  7640 | D:11     | Noticed a white ugly thing
  7651 | D:11     | Killed a white ugly thing
  7886 | D:11     | Noticed Erolcha
  7895 | D:11     | Killed Erolcha
  7925 | D:11     | Found a runed door.
  7934 | D:11     | Found a runed door.
  8105 | D:11     | Noticed a green ugly thing
  8111 | D:11     | Reached skill level 10 in Maces & Flails
  8127 | D:11     | Killed a green ugly thing
  8160 | D:11     | Noticed Maurice
  8197 | D:11     | Killed Maurice
  8402 | D:11     | Found a runed door.
  8527 | D:11     | Found a runed door.
  8636 | D:11     | Noticed an orange crystal statue
  8646 | D:11     | Killed an orange crystal statue
  8815 | D:11     | Found a staircase to the Lair.
  8863 | D:11     | Noticed a hill giant
  8873 | D:11     | Killed a hill giant
  8981 | Lair:1   | Entered Level 1 of the Lair of Beasts
  9782 | Lair:2   | Reached XP level 12. HP: 48/118 MP: 14/14
 10112 | Lair:2   | Noticed a four-headed hydra
 10399 | Lair:2   | Received a gift from Trog
 10409 | Lair:2   | Reached skill level 5 in Throwing
 10426 | Lair:2   | Found a staircase to the Snake Pit.
 10640 | Lair:2   | Killed a four-headed hydra
 10640 | Lair:2   | Reached skill level 11 in Maces & Flails
 10890 | Lair:3   | Noticed a seven-headed hydra
 11470 | Lair:4   | Noticed a seven-headed hydra
 11478 | Lair:4   | Killed a seven-headed hydra
 11478 | Lair:4   | Reached skill level 1 in Spellcasting
 11544 | Lair:4   | Found a runed door.
 11636 | Lair:4   | Noticed a seven-headed hydra
 11640 | Lair:4   | Killed a seven-headed hydra
 11871 | Lair:4   | Reached skill level 5 in Evocations
 11922 | Lair:4   | Noticed a catoblepas
 11932 | Lair:4   | Noticed a dire elephant
 12254 | Lair:3   | Killed a seven-headed hydra
 12819 | Lair:4   | Reached XP level 13. HP: 76/127 MP: 15/15
 12942 | Lair:5   | Found a dark tunnel.
 12947 | Volcano  | Entered a volcano
 13468 | Volcano  | Upgraded the game from 0.19-a0-1895-g783e625 to 0.19-a0-1899-g2d93087
 14131 | Lair:5   | Found a staircase to the Slime Pits.
 14288 | Lair:6   | Entered Level 6 of the Lair of Beasts
 14421 | Lair:6   | Found a labyrinth entrance.
 14431 | Lab      | Entered a labyrinth
 14530 | Lab      | Noticed a minotaur
 14537 | Lab      | Killed a minotaur
 14581 | Lair:6   | Reached skill level 12 in Maces & Flails
 14804 | Lair:6   | HP: 6/192 [six-headed hydra (6)]
 14804 | Lair:6   | Slain by a six-headed hydra

Vault maps used:
D:1:      lemuel_arrival_lava_pool
D:2:      zin_treasury, first_bread
D:3:      marbit_many_paths, uniq_sigmund
D:4:      uniq_crazy_yiuf_cottage
D:5:      grunt_dithmenos_smoke_and_mirrors, kennysheep_mini,
          old_standard_altar, enter_ossuary_2
D:6:      hangedman_cross_stitches, chequers_temple_overflow_statue_of_worship,
          nicolae_overflow_crystal_walls, minmay_misc_feat_four_crosses
D:7:      kb_forest_paths, yredelemnul_forgotten_temple_becter, slow_altar_1,
          serial_shops, shop, nemelex_altar_shiori, uniq_prince_ribbit1,
          uniq_duvessa
D:8:      tgw_sif, kennysheep_vampire_church, uniq_pikel, uniq_grum
D:9:      serial_shops, nicolae_shop_stone
D:10:     serial_shops, nicolae_shop_overgrown_old_shop,
          hangedman_pestilent_swarm
D:11:     grunt_lair_entry_orc_guard_hut, roderic_serpentine_path,
          minmay_statue_crystal_thing, uniq_maurice, uniq_erolcha
D:12:     orc_0_dummy, special_room, nicolae_elemental_shop, uniq_sonja,
          uniq_josephine, uniq_psyche, uniq_nergalle
Lair:1:   lemuel_fruit_tree, infiniplex_staircase_pool_2
Lair:2:   beast_lair_carwin_large_3, st_stairs_12, serial_bayou_shore_a
Lair:4:   gammafunk_lair_enchanted_lake, elwin_shoals_entry_rooms,
          nicolae_quartered_pool_little, minmay_lindwurm_lava
Lair:5:   slime_dummy, enter_volcano_4, minivault_25,
          grunt_forest_large_clearings, serial_bayou_shore_b,
          lemuel_fruit_fields, infiniplex_staircase_pool
Lair:6:   cheibrodos_lair_end_hotspot, lab_entry_generic, lemuel_old_faithful
Lab:      labyrinth_mini_lab, nicolae_lab_starburst, lab_hedge,
          nicolae_lab_grate
Ossuary:  minmay_ossuary_gauntlet
Volcano:  volcano_tomb

Skill      XL: |  1  2  3  4  5  6  7  8  9 10 11 12 13 |
---------------+----------------------------------------+-----
Maces & Flails | 3 4 5 7 8 9 10 11 12 | 12.1
Armour         | 1 2 3 4 5 6 7 8 |  8.1
Fighting       | 3 4 5 6 7 8 |  8.4
Dodging        | 3 4 5 6 7 8 |  8.7
Throwing       | 1 3 4 5 6 |  6.8
Evocations     | 1 2 4 5 |  5.8
Spellcasting   | 1 2 |  2.3

Action                   |  1- 3 |  4- 6 |  7- 9 | 10-12 | 13-15 || total
-------------------------+-------+-------+-------+-------+-------++-------
Melee: Mace              |    86 |       |       |       |       ||    86
       Trident           |    17 |    81 |   355 |    70 |       ||   523
       Flail             |       |       |     1 |   894 |    95 ||   990
       Great mace        |       |       |       |       |    81 ||    81
Throw: Large rock        |       |       |       |     7 |       ||     7
       Javelin           |       |       |       |     1 |       ||     1
Invok: Berserk           |     1 |     2 |     7 |    25 |     9 ||    44
       Trog's Hand       |       |     1 |     6 |    20 |    13 ||    40
       Brothers in Arms  |       |       |       |     2 |       ||     2
Evoke: Wand              |       |       |       |    39 |    24 ||    63
       Box of beasts     |       |       |       |     2 |     2 ||     4
  Use: Scroll            |     1 |       |    15 |    18 |     8 ||    42
       Potion            |       |       |       |     9 |    11 ||    20
 Stab: Paralysed         |       |       |       |    10 |    11 ||    21
       Invisible         |       |       |       |       |     3 ||     3
  Eat: Bread ration      |     1 |     1 |       |       |       ||     2
       Chunk             |     4 |    16 |    45 |   102 |    22 ||   189
       Pizza             |       |       |     1 |       |     3 ||     4
       Beef jerky        |       |       |       |     1 |     5 ||     6
       Royal jelly       |       |       |       |     1 |     1 ||     2
Armor: Animal skin       |    51 |    36 |    16 |       |       ||   103
       Robe              |       |       |   203 |   589 |   160 ||   952
       Skin              |       |       |       |    50 |    11 ||    61
Dodge: Dodged            |    74 |    53 |   259 |   730 |   138 ||  1254
